 Dungeon Crawl Stone Soup version 0.21.1-1-g345015f (webtiles) character file.

31 Fang the Skirmisher (level 3, -9/36 HPs)
             Began as a Gargoyle Berserker on May 18, 2018.
             Was a Follower of Trog.
             Killed from afar by an orc wizard (11 damage)
             ... with a puff of flame
             ... on level 2 of the Dungeon.
             The game lasted 00:01:55 (1355 turns).

Fang the Skirmisher (Gargoyle Berserker)            Turns: 1355, Time: 00:01:56

Health: -9/36      AC:  5    Str: 26    XL:     3   Next: 22%
Magic:  3/3        EV: 12    Int:  7    God:    Trog [*.....]
Gold:   114        SH:  0    Dex:  9    Spells: 2/2 levels left

rFire    . . .     SeeInvis .   a - +0 hand axe
rCold    . . .     Gourm    .   (no shield)
rNeg     + . .     Faith    .   b - +0 animal skin
rPois    ∞         Spirit   .   (no helmet)
rElec    +         Reflect  .   (no cloak)
rCorr    .         Harm     .   (no gloves)
MR       .....                  (no boots)
Stlth    ..........             (no amulet)
HPRegen  0.12/turn              (no ring)
MPRegen  0.08/turn              (no ring)

@: confused, berserking (expiring), very quick
A: negative energy resistance 1, electricity resistance, unbreathing,
petrification resistance, rot immunity, AC +3
a: Berserk, Burn Spellbooks, Renounce Religion


You were on level 2 of the Dungeon.
You worshipped Trog.
Trog was aware of your devotion.
You were very hungry.

You visited 1 branch of the dungeon, and saw 2 of its levels.

You collected 114 gold pieces.

Inventory:

Hand Weapons
 a - a +0 hand axe (weapon)
Armour
 b - a +0 animal skin (worn)
Jewellery
 f - an uncursed amulet of harm {unknown}
Scrolls
 d - a scroll of enchant weapon {unknown}
 e - a scroll of fog {unknown}
 h - a scroll of remove curse {unknown}
 i - a scroll of identify {unknown}
 j - a scroll of immolation {unknown}
 k - a scroll of magic mapping {unknown}
Potions
 g - 3 potions of curing {unknown}
 l - a potion of haste {unknown}
Comestibles
 c - 5 rations


   Skills:
 + Level 3.8 Fighting
 + Level 3.2 Axes
 + Level 2.3 Armour
 + Level 1.7 Dodging


You had 2 spell levels left.
You didn't know any spells.

Dungeon Overview and Level Annotations

Branches:
Dungeon (2/15)

Altars:


Innate Abilities, Weirdness & Mutations

You are resistant to torment.
Your stone body is resilient. (AC +3)
You are immune to poison.
You resist negative energy. (rN+)
You are resistant to electric shocks. (rElec)
You can survive without breathing.
You are immune to petrification.
You are immune to rotting.


Message History

You are too injured to fight recklessly!
You are too injured to fight recklessly!
You are too injured to fight recklessly!
A red film seems to cover your vision as you go berserk!
You feel yourself moving faster!
You feel mighty!
You are feeling very hungry.
The adder closely misses you.
The orc priest mumbles some strange prayers to Beogh against you.
Beogh smites you!
* * * LOW HITPOINT WARNING * * *
The orc wizard points at you and mumbles some strange words.
You are confused.
You bump into the rock wall.
You feel a strong urge to attack something.
The adder bites you but does no damage.
Unknown command.
You're too confused to move!
The orc wizard points at you and mumbles some strange words.
The puff of flame hits you!
You die...

# #.##.#.### #..).#.).#
#..#####.######.# #
#....#..........#
#########.##.#.#.########
..........##...#.# .
##############.#.# ... #
########.#S##o.###
..........@oSo..w@
########.#.##%.### #.#.#
... #.#.# . ..... #####


You could see Sigmund (wandering), an orc priest, an orc wizard, 2 adders, a
dart slug and an orc.

Vanquished Creatures
  2 dart slugs
  2 leopard geckos (D:1)
  A bat (D:1)
  A giant cockroach (D:2)
  2 goblins
  4 hobgoblins
  5 jackals (D:1)
  2 kobolds
  2 rats
21 creatures vanquished.

Notes
Turn   | Place    | Note
-------+----------+-------------------------------------------
     0 | D:1      | Fang the Gargoyle Berserker began the quest for the Orb.
     0 | D:1      | Reached XP level 1. HP: 14/14 MP: 1/1
   196 | D:1      | Reached XP level 2. HP: 13/19 MP: 2/2
  1213 | D:2      | Reached XP level 3. HP: 20/24 MP: 3/3
  1353 | D:2      | HP: 1/36 [orc priest/divine providence (15)]
  1355 | D:2      | Killed from afar by an orc wizard

Skill      XL: |  1  2 |
---------------+-------+-----
Axes           | 3 |  3.2
Fighting       | |  3.8
Armour         | |  2.3
Dodging        | |  1.7

Action                   || total
-------------------------++-------
Melee: Hand axe          ||    96
Invok: Berserk           ||     1
  Eat: Chunk             ||     1
Armor: Animal skin       ||    23
Dodge: Dodged            ||    70
